 Dungeon Crawl Stone Soup version 0.29-a0-187-ga23d9638d5 (webtiles) character file.

Game seed: 16538212483623534018

307 cyrus the Covered (level 6, -1/55 HPs)
             Began as a Hill Orc Fighter on Feb 21, 2022.
             Was a Follower of Makhleb.
             Succumbed to a kobold's poison
             ... on level 3 of the Dungeon.
             The game lasted 00:08:02 (4241 turns).

cyrus the Covered (Hill Orc Fighter)                Turns: 4241, Time: 00:08:03

Health: -1/55      AC: 13    Str: 19    XL:     6   Next: 40%
Magic:  6/6        EV:  7    Int: 10    God:    Makhleb [*.....]
Gold:   135        SH:  4    Dex: 10    Spells: 5/5 levels left

rFire   + + .      SeeInvis .   l - +4 falchion of the Moon {holy, rF++ rCorr, unholy killer}
rCold   . . .      Faith    .   c - +0 buckler
rNeg    . . .      Spirit   .   o - +0 chain mail
rPois   .          Reflect  .   (no helmet)
rElec   .          Harm     .   (no cloak)
rCorr   +          Rampage  .   f - +2 pair of gloves {orc be me}
Will    .....                   (no boots)
Stlth   ..........              (no amulet)
HPRegen 0.18/turn               (no ring)
MPRegen 0.10/turn               (no ring)

@: lethally poisoned (-1 -> -28)
A: no striking features
a: Renounce Religion


You were on level 3 of the Dungeon.
You worshipped Makhleb.
Makhleb was aware of your devotion.
You visited 1 branch of the dungeon, and saw 4 of its levels.

You collected 135 gold pieces.

Inventory:

Hand Weapons
 a - a +0 war axe
 l - the +4 falchion of the Moon (weapon) {holy, rF++ rCorr, unholy killer}
   (You found it on level 2 of the Dungeon)

   It has been blessed by the Shining One to cause great damage to the undead
   and demons.
   rF:        It greatly protects you from fire.
   rCorr:     It protects you from acid and corrosion.
 m - a +7 spectral club
Armour
 b - a +0 scale mail
 c - a +0 buckler (worn)
 e - a +0 pair of gloves
 f - a +2 pair of gloves (worn) {orc be me}
 o - a +0 chain mail (worn)
Scrolls
 d - a scroll of fog {unknown}
 i - a scroll of vulnerability {unknown}
 k - 3 scrolls of teleportation {unknown}
 p - a scroll of acquirement {unknown}
 r - a scroll of immolation {unknown}
 s - a scroll of holy word {unknown}
 t - a scroll of blinking {unknown}
 u - a scroll of identify {unknown}
Potions
 g - a potion of invisibility {unknown}
 h - a potion of brilliance {unknown}
 j - a potion of resistance {unknown}
 n - a potion of cancellation {unknown}
 q - a potion of magic {unknown}


   Skills:
 + Level 4.8 Fighting
 + Level 3.1 Long Blades
 + Level 3.8 Axes
 + Level 4.9 Armour
 + Level 1.0 Dodging
 + Level 3.8 Shields


You had 5 spell levels left.
You didn't know any spells.
Your spell library contained the following spells:

 Spells                   Type           Power      Damage    Failure   Level
 Animate Skeleton         Necr           0%         N/A       99%         1
 Pain                     Necr           0%         1d4       99%         1
 Sting                    Tmut/Pois      0%         1d3       99%         1
 Gell's Gravitas          Tloc           0%         N/A       100%        3
 Lesser Beckoning         Tloc           0%         N/A       100%        3
 Teleport Other           Tloc           0%         N/A       100%        3
 Vampiric Draining        Necr           0%         2d6       100%        3
 Animate Dead             Necr           0%         N/A       100%        4
 Borgnjor's Vile Clutch   Necr/Erth      0%         N/A       100%        5
 Death Channel            Necr           0%         N/A       100%        6


Dungeon Overview and Level Annotations

Branches:
Dungeon (4/15)
 Temple: D:4-7

Altars:
Ashenzari
Gozag
Makhleb

Annotations:
D:3 3 runed translucent doors, IdlyInterested's ghost, amateur DsFi


Message History

The jackal bites you but does no damage.
You slash the hound!
The hound is severely wounded.
You feel very sick.
A jackal comes into view.
You block the hound's attack.
The kobold hits you with a +1 dagger of venom.
You are more poisoned.
The jackal bites you but does no damage.
The hound bites you but does no damage.
You feel very sick. The kobold hits you but does no damage.
The hound bites you but does no damage. The jackal bites you.
There is a stone staircase leading up here.
You can't go down here!
You feel very sick.
The jackal barks!
The hound bites you. You block the kobold's attack.
You climb upwards.
Level annotation: 3 runed translucent doors, IdlyInterested's ghost, amateur DsFi You feel very sick.
There is a stone staircase leading down here.
You hit the jackal.
The jackal is severely wounded.
You feel very sick.
The jackal bites you but does no damage.
The kobold hits you but does no damage.
You are lethally poisoned!
The hound bites you but does no damage.
The jackal bites you but does no damage.
The kobold hits you but does no damage.
You are more poisoned.
The hound bites you but does no damage.
* * * LOW HITPOINT WARNING * * *
You feel very sick.
The jackal bites you but does no damage.
The kobold hits you with a +1 dagger of venom.
* * * LOW HITPOINT WARNING * * *
You are more poisoned.
You die...

############.###.##.# #.#
#.##.##### ######### #.#
#........# ........# #.#
#.##.##### ........####.#
#.##.##
...........#.###.##..#
##+#'#####.#.....##..#
...........#.###.##..#
......####......@....#
..............hhK.##.#
##.#######.#.##...##.#
#.#######.#.##......######
##.##......#.##...........#
...##.#..............######
##...........######.##
#....#.###..######.#
######.............##


You could see a hound, a jackal and a kobold.

Vanquished Creatures
  Sigmund (D:2)
  Jessica (D:2)
  Natasha (twice) (D:3)
  3 adders
  An orc (D:3)
  7 ball pythons
  3 endoplasms
  5 giant cockroaches
  3 goblins
  2 hobgoblins
  6 jackals
  A quokka (D:2)
  6 bats
  3 frilled lizards
  4 kobolds
  A rat (D:3)
49 creatures vanquished.

Vanquished Creatures (others)
  A fungus (D:2)
  2 plants (D:2)
3 creatures vanquished.

Grand Total: 52 creatures vanquished

Notes
Turn   | Place    | Note
-------+----------+-------------------------------------------
     0 | D:1      | cyrus the Hill Orc Fighter began the quest for the Orb.
     0 | D:1      | Reached XP level 1. HP: 19/19 MP: 1/1
    30 | D:1      | Reached XP level 2. HP: 13/27 MP: 2/2
  1096 | D:2      | Identified the +4 falchion of the Moon {holy, rF++ rCorr}
  1115 | D:2      | Reached XP level 3. HP: 30/33 MP: 3/3
  1158 | D:2      | Noticed Jessica
  1168 | D:2      | Killed Jessica
  1728 | D:2      | Found a broken altar of Ashenzari.
  1867 | D:2      | Noticed Sigmund
  1902 | D:2      | Killed Sigmund
  1903 | D:2      | Reached skill level 1 in Dodging
  1903 | D:2      | Reached XP level 4. HP: 4/41 MP: 4/4
  1903 | D:2      | Reached XP level 5. HP: 5/47 MP: 5/5
  2835 | D:2      | Found a faded altar of an unknown god.
  2853 | D:2      | Got Plato's Reference Book on Unstable Envenoming
  2854 | D:2      | Prayed at the altar of an unknown god.
  2854 | D:2      | Became a worshipper of Makhleb the Destroyer
  2854 | D:2      | Reached * piety under Makhleb
  2883 | D:2      | Reached XP level 6. HP: 53/53 MP: 6/6
  3485 | D:3      | Noticed Natasha
  3499 | D:3      | Killed Natasha
  3671 | D:3      | Noticed Natasha
  3679 | D:3      | Killed Natasha
  3911 | D:3      | Found a runed translucent gate.
  3912 | D:3      | Found a runed translucent gate.
  3913 | D:3      | Found a runed translucent gate.
  3914 | D:3      | Found an opulent altar of Gozag.
  3919 | D:3      | Noticed IdlyInterested's ghost (amateur DsFi)
  4241 | D:3      | Succumbed to a kobold's poison

Illustrated notes

Levels and vault maps discovered:
D:1:      dpeg_arrival_rooms_a, layout_rooms
D:2:      layout_loops_corners, basic_altar,
          shapermc_ecumenical_altar_rom_forum, uniq_jessica, uniq_sigmund
D:3:      layout_basic, ebering_ghost_gozag, uniq_natasha
D:4:      layout_gridville, minmay_crossroads

Skill      XL: |  1  2  3  4  5  6 |
---------------+-------------------+-----
Fighting       | 4 |  4.8
Axes           | 3 |  3.8
Long Blades    | 2 3 |  3.1
Armour         | 4 |  4.9
Dodging        | 1 |  1.0
Shields        | |  3.8

Action                   |  1- 3 |  4- 6 || total
-------------------------+-------+-------++-------
Melee: War axe           |    37 |       ||    37
       Falchion          |    29 |    71 ||   100
       Club              |     4 |       ||     4
  Use: Potion            |     1 |       ||     1
Armor: Scale mail        |    55 |       ||    55
       Chain mail        |     5 |    74 ||    79
Dodge: Dodged            |    61 |    41 ||   102
Block: Buckler           |    28 |    18 ||    46

Table legend: (Time is in decaauts)
 A = Elapsed time spent in this place.
 B = Non-inter-level travel time spent in this place.
 C = Inter-level travel time spent in this place.
 D = Time resting spent in this place.
 E = Time spent auto-exploring this place.
 F = Levels seen in this place.
 G = Mean time per level.
                   A        B        C        D        E       F      G
               +--------+--------+--------+--------+--------+-----+--------+
         Total |   4299 |   4172 |    127 |   1712 |   1782 |   4 | 1074.8 |
       Dungeon |   4299 |   4172 |    127 |   1712 |   1782 |   4 | 1074.8 |
               +--------+--------+--------+--------+--------+-----+--------+

Top non-repeatable levels by time:
     D:2: 2232 daAuts
     D:1: 1106 daAuts
     D:3: 947 daAuts
     D:4: 12 daAuts
